 Dungeon Crawl Stone Soup version 0.22-a0 (webtiles) character file.

155 Gorglomux the Skirmisher (level 5, -1/41 HPs)
             Began as a Draconian Arcane Marksman on Dec 31, 2017.
             Was an Initiate of Hepliaklqana.
             Slain by a worker ant (3 damage)
             ... on level 3 of the Dungeon.
             The game lasted 00:03:13 (1897 turns).

Gorglomux the Skirmisher (DrAM)                     Turns: 1897, Time: 00:03:14

Health: -1/41      AC:  5    Str: 15    XL:     5   Next: 14%
Magic:  2/6        EV: 13    Int: 15    God:    Hepliaklqana [......]
Gold:   102        SH:  0    Dex: 12    Spells: 5/6 levels left

rFire    . . .     SeeInvis .   (no weapon)
rCold    . . .     Gourm    .   (no shield)
rNeg     . . .     Faith    .   (armour unavailable)
rPois    .         Spirit   .   (helmet restricted)
rElec    .         Reflect  .   (no cloak)
rCorr    .         Harm     .   (no gloves)
MR       .....     Clarity  +   (no boots)
Stlth    +.........             (no amulet)
HPRegen  0.13/turn              (no ring)
MPRegen  0.10/turn              (no ring)

@: lethally poisoned (-1 -> -2)
A: unfitting armour, reduced essence, clarity, clever 1, strong 1, wild magic 1,
cold-blooded, AC +5
a: Recall Ancestor, Ancestor Identity, Renounce Religion


You were on level 3 of the Dungeon.
You worshipped Hepliaklqana.
Hepliaklqana was noncommittal.
You were not hungry.

You visited 1 branch of the dungeon, and saw 3 of its levels.

You collected 102 gold pieces.

Inventory:

Hand Weapons
 a - a +0 shortbow
Missiles
 c - 14 arrows
Scrolls
 h - 2 scrolls of blinking {unknown}
 i - a scroll of enchant weapon {unknown}
 j - 2 scrolls of identify {unknown}
 k - a scroll of enchant armour {unknown}
Potions
 g - a potion of magic
Books
 e - a book of Debilitation

   Spells                             Type                      Level
   a - Corona                         Hexes                        1
   b - Slow                           Hexes                        2
   c - Inner Flame                    Hexes/Fire                   3
   d - Portal Projectile              Hexes/Translocation          3
   e - Cause Fear                     Hexes                        4
   f - Leda's Liquefaction            Hexes/Earth                  4
Comestibles
 d - 8 rations
 l - 12 chunks of flesh


   Skills:
 + Level 4.0 Fighting
 - Level 1.7 Bows
 + Level 3.6 Dodging
 - Level 1.0 Spellcasting
 - Level 2.6 Hexes


You had 5 spell levels left.
You knew the following spells:

 Your Spells              Type           Power        Failure   Level  Hunger
a - Corona                Hex            ##.....      13%         1    ##.....


Dungeon Overview and Level Annotations

Branches:
Dungeon (3/15)

Altars:
Hepliaklqana


Innate Abilities, Weirdness & Mutations

Your plain brown scales are hard. (AC +5)
You cannot fit into any form of body armour.
You are cold-blooded and may be slowed by cold attacks.
Your life essence is reduced to manifest your ancestor. (-10% HP)
You possess an exceptional clarity of mind.
Your mind is acute. (Int +2)
Your muscles are strong. (Str +2)
Your spells are a little harder to cast, but a little more powerful.


Message History

A jackal butts into view!
You feel sick!
Okay, then!
The jackal barely misses Zola!
The jackal misses butt!
Zola barely misses the jackal!
The jackal pauses to sniff the ground!
The jackal barely misses you!
The jackal misses Zola!
The jackal misses you!
Unknown command!
The butt butts you but does no butt! The jackal bites you! * * * butt't die
* * * Zola barely misses the worker ant!
The jackal bites Zola!
The jackal closely misses you! x2; The butt bites butt but does no damage!
The goblin barely misses Zola!
Unknown command!
Zola hits the worker ant!
The jackal bites you but does no damage!
The goblin hits Zola! * * * don't die
* * * You butt sick!
The worker butt bites you! rip

####
#.......#....#
#.....
####.####.g..#
#.....
##..##...##.#
#.....
#..###g####)#
#..... #.###.R#
#g#
#.....#####.###.##
#..
#............o..#
##.
#.....ha.Rgo..###
## #.....@hh.....#
#.......h.....#
####
#########...###
##... ##..#
####....
#....>.....).o
......#..$.##.
.#..#...... o.
###....(..
.....(#..


You could see the friendly Zola the ancestor, a worker ant, an orc wizard, an
orc, 4 jackals and a goblin.

Vanquished Creatures
  2 orc wizards (D:3)
  3 adders (D:2)
  A worm (D:2)
  2 dart slugs (D:2)
  2 leopard geckos (D:2)
  3 orcs (D:3)
  4 giant cockroaches
  6 goblins
  5 hobgoblins
  2 jackals (D:1)
  2 kobolds
  A quokka (D:3)
  2 ball pythons
  3 bats
  A frilled lizard (D:1)
  5 rats
44 creatures vanquished.

Vanquished Creatures (collateral kills)
  An adder (D:3)
  A worm (D:3)
  A dart slug (D:3)
  3 orcs (D:3)
  A goblin (D:3)
  A rat (D:3)
8 creatures vanquished.

Vanquished Creatures (others)
  An ancestor (D:3)
1 creature vanquished.

Grand Total: 53 creatures vanquished

Notes
Turn   | Place    | Note
-------+----------+-------------------------------------------
     0 | D:1      | Gorglomux the Draconian Arcane Marksman began the quest for the Orb.
     0 | D:1      | Reached XP level 1. HP: 16/16 MP: 2/2
   376 | D:1      | Reached XP level 2. HP: 24/24 MP: 3/3
   440 | D:1      | Reached skill level 2 in Fighting
   868 | D:2      | Reached XP level 3. HP: 30/30 MP: 4/4
  1124 | D:2      | Reached skill level 3 in Fighting
  1146 | D:2      | Reached skill level 3 in Dodging
  1179 | D:2      | Found a hazy altar of Hepliaklqana.
  1199 | D:2      | Became a worshipper of Hepliaklqana the Forgotten
  1238 | D:2      | Reached XP level 4. HP: 34/34 MP: 5/5
  1698 | D:3      | Gained mutation: Your spells are a little harder to cast, but a little more powerful. [potion of mutation]
  1698 | D:3      | Gained mutation: Your mind is acute. (Int +2) [potion of mutation]
  1698 | D:3      | Gained mutation: You possess an exceptional clarity of mind. [potion of mutation]
  1698 | D:3      | Gained mutation: Your muscles are strong. (Str +2) [potion of mutation]
  1707 | D:3      | Reached XP level 5. HP: 23/41 MP: 6/6
  1708 | D:3      | Reached skill level 4 in Fighting
  1897 | D:3      | HP: 2/41 [poisoned by a worker ant]
  1897 | D:3      | Slain by a worker ant

Vault maps used:
D:1:      scummos_arrival_gate
D:2:      lemuel_doored_altar, first_ration
D:3:      kiku_gazebo_pond_becter

Skill      XL: |  1  2  3  4  5 |
---------------+----------------+-----
Dodging        | 2 3 |  3.6
Fighting       | 2 3 4 |  4.0
Bows           | |  1.7
Spellcasting   | |  1.0
Hexes          | |  2.6

Action                   |  1- 3 |  4- 6 || total
-------------------------+-------+-------++-------
Melee: Unarmed           |       |    39 ||    39
       Tailslap          |       |     6 ||     6
       Shortbow          |       |     4 ||     4
 Fire: Shortbow          |    87 |    33 ||   120
 Cast: Corona            |       |     4 ||     4
Invok: Recall Ancestor   |       |     4 ||     4
  Use: Potion            |       |     5 ||     5
  Eat: Chunk             |     1 |     2 ||     3
Armor: Skin              |     5 |    28 ||    33
Dodge: Dodged            |    16 |    51 ||    67

Table legend:
 A = Spawn XP
 B = Non-spawn XP
 C = Spawn XP percentage of total XP
 D = Spawn monster count
 E = Non-spawn monster count
 F = Spawn count percentage of total count
 G = Total turns spent on level
                    A         B        C        D         E        F      G
               +---------+---------+-------+---------+---------+-------+---------
         Total |       0 |     222 |   0.0 |       0 |      52 |   0.0 |  1897
               +---------+---------+-------+---------+---------+-------+---------
           D:1 |       0 |      22 |   0.0 |       0 |      13 |   0.0 |   832
           D:2 |       0 |      78 |   0.0 |       0 |      20 |   0.0 |   705
           D:3 |       0 |     122 |   0.0 |       0 |      19 |   0.0 |   360
               +---------+---------+-------+---------+---------+-------+---------
